Map: [ESL] Cosmic Sapphire

Players

Astrea

  • Race: Protoss Protoss
  • Spawn Location: 5:00

herO - Winner!

  • Race: Protoss Protoss
  • Spawn Location: 11:00

Event: DreamHack SC2 Masters 2022 Atlanta (Offline)

VOD

Have the link to the VOD?

Description

Time

  • Played on: Nov. 19, 2022, 6:02 p.m.
  • Length: 12:06

All games in this series

Show
View Real Time Build Order
Export as new Build Order

Astrea Protoss 

Build Orders: Blink Stalkers 

Get SALT Encoding   

  12  0:00  Probe  
  13  0:12  Probe  
  14  0:17  Pylon  
  14  0:24  Probe (Chrono Boost)  
  16  0:36  Gateway, Probe (Chrono Boost)  
  16  0:43  Probe (Chrono Boost)  
  16  0:46  Assimilator  
  17  0:51  Probe  
  17  0:54  Assimilator  
  18  1:03  Probe (Chrono Boost)  
  19  1:07  Gateway  
  20  1:12  Probe (Chrono Boost)  
  20  1:17  Probe (Chrono Boost)  
  20  1:25  Cybernetics Core  
  21  1:29  Probe  
  22  1:34  Pylon  
  22  1:41  Probe  
  23  1:53  Probe  
  24  2:00  Warp Gate  
  24  2:01  Stalker x2  
  24  2:05  Probe  
  29  2:14  Pylon  
  29  2:31  Stalker  
  29  2:32  Stalker  
  31  3:05  Nexus  
  31  3:08  Probe  
  31  3:10  Twilight Council  
  32  3:14  Shield Battery  
  32  3:20  Probe  
  32  3:33  Probe  
  33  3:37  Shield Battery  
  33  3:39  Blink (Chrono Boost)  
  31  3:45  Probe  
  26  3:57  Probe  
  27  4:04  Dark Shrine  
  27  4:05  Stalker  
  27  4:09  Probe, Stalker  
  30  4:19  Probe  
  30  4:21  Probe  
  32  4:31  Probe  
  33  4:33  Probe  
  34  4:43  Probe (Chrono Boost)  
  32  4:46  Probe (Chrono Boost)  
  32  4:52  Pylon  
  32  4:55  Probe (Chrono Boost)  
  34  5:03  Probe (Chrono Boost)  
  34  5:04  Probe (Chrono Boost)  
  35  5:09  Probe x2  
  37  5:16  Dark Templar x2  
  41  5:21  Probe x2  
  43  5:33  Probe (Chrono Boost)  
  43  5:34  Probe (Chrono Boost)  
  43  5:43  Robotics Facility  
  43  5:45  Probe x2 (Chrono Boost)  
  45  5:50  Probe x2 (Chrono Boost)  
  47  6:00  Probe x2  
  47  6:01  Stalker x2  
  51  6:05  Pylon  
  51  6:12  Probe  
  51  6:17  Nexus  
  50  6:26  Stalker x2  
  50  6:29  Immortal (Chrono Boost)  
  48  6:51  Stalker  
  48  6:52  Stalker  
  48  6:53  Probe  
  50  6:59  Probe  
  50  7:01  Assimilator  
  51  7:07  Probe  
  50  7:11  Probe  
  50  7:12  Immortal (Chrono Boost)  
  50  7:13  Shield Battery  
  50  7:14  Zealot  
  50  7:15  Zealot  
  59  7:19  Probe  
  60  7:23  Probe  
  60  7:29  Probe  
  62  7:30  Shield Battery  
  62  7:31  Probe  
  62  7:35  Probe, Stalker x2, Pylon  
  68  7:42  Probe  
  68  7:43  Observer, Probe  
  71  7:47  Probe  
  72  7:54  Probe  
  72  7:55  Probe  
  72  7:58  Dark Templar  
  75  7:59  Zealot, Probe  
  75  8:04  Pylon  
  78  8:06  Probe  
  78  8:07  Probe  
  78  8:11  Probe  
  77  8:16  Immortal (Chrono Boost)  
  77  8:18  Probe  
  77  8:19  Probe  
  82  8:22  Stalker  
  82  8:24  Assimilator  
  84  8:29  Probe  
  84  8:33  Observer  
  85  8:40  Pylon  
  85  8:41  Pylon  
  85  8:45  Gateway  
  85  8:46  Gateway  
  85  8:47  Probe x2  
  85  8:48  Gateway, Forge  
  85  8:51  Pylon  
  85  8:54  Pylon  
  85  8:58  Observer, Probe  
  87  9:05  Stalker  
  87  9:06  Stalker  
  89  9:13  Nexus  
  87  9:18  Probe  
  87  9:19  Probe x2  
  85  9:28  Protoss Ground Weapons Level 1 (Chrono Boost)  
  85  9:30  Stalker x2  
  85  9:31  Probe x2  
  88  9:35  Probe  
  88  9:38  Pylon  
  89  9:43  Probe x2, Stalker x3  
  97  9:47  Probe  
  97  9:52  Immortal (Chrono Boost)  
  91  10:05  Stalker x2  
  86  10:08  Stalker x3  
  86  10:09  Probe  
  90  10:18  Photon Cannon  
  90  10:21  Nexus  
  84  10:32  Stalker x5  
  84  10:35  Immortal (Chrono Boost)  
  87  10:48  Probe  
  79  10:56  Stalker  
  77  10:57  Stalker  
  77  10:59  Stalker x3  
  79  11:08  Immortal (Chrono Boost)  
  77  11:17  Nexus, Probe  
  78  11:22  Stalker x4  
  78  11:23  Probe x2  
  78  11:25  Shield Battery  
  86  11:29  Probe, Stalker  
  86  11:31  Shield Battery  
  87  11:35  Shield Battery  
  87  11:36  Pylon  
  74  11:47  Stalker x4  
  74  11:50  Probe  
Show
View Real Time Build Order
Export as new Build Order

herO Protoss - Winner!

Build Orders: Oracle Opening 

Get SALT Encoding   

  12  0:00  Probe  
  13  0:12  Probe  
  14  0:17  Pylon  
  14  0:24  Probe (Chrono Boost)  
  16  0:36  Probe (Chrono Boost), Gateway  
  16  0:43  Probe (Chrono Boost)  
  16  0:45  Assimilator  
  17  0:50  Probe  
  17  0:54  Assimilator  
  18  1:03  Probe (Chrono Boost)  
  19  1:06  Gateway  
  20  1:12  Probe (Chrono Boost)  
  20  1:17  Probe (Chrono Boost)  
  20  1:23  Cybernetics Core  
  21  1:29  Probe  
  22  1:35  Pylon  
  22  1:41  Probe  
  24  2:00  Warp Gate, Stalker x2  
  27  2:17  Stargate  
  27  2:30  Adept x2  
  27  2:32  Pylon  
  31  2:50  Probe  
  30  3:01  Adept x2, Oracle (Chrono Boost)  
  37  3:25  Pylon  
  37  3:34  Nexus  
  37  3:40  Probe  
  38  3:41  Oracle (Chrono Boost)  
  39  3:53  Probe  
  38  3:59  Twilight Council  
  38  4:05  Probe  
  35  4:17  Probe  
  35  4:18  Gateway  
  35  4:20  Stalker  
  38  4:26  Stalker  
  40  4:32  Shield Battery  
  40  4:36  Probe  
  40  4:38  Blink (Chrono Boost)  
  41  4:47  Probe  
  41  4:49  Probe  
  43  5:00  Probe  
  43  5:02  Probe  
  43  5:06  Stalker  
  47  5:08  Stalker  
  47  5:14  Probe x2  
  51  5:26  Probe x2  
  53  5:35  Stalker x3  
  59  5:38  Probe  
  59  5:39  Probe, Pylon  
  61  5:46  Pylon  
  61  5:52  Probe  
  61  6:00  Stalker x3  
  61  6:04  Probe x2  
  68  6:05  Assimilator  
  69  6:12  Robotics Facility  
  69  6:16  Pylon  
  69  6:25  Probe x2  
  70  6:30  Stalker x2  
  72  6:44  Probe x2  
  72  6:46  Nexus  
  70  6:57  Probe x2  
  72  7:01  Stalker x3  
  72  7:07  Pylon  
  74  7:09  Observer (Chrono Boost), Probe x2  
  74  7:13  Shield Battery  
  77  7:16  Forge  
  77  7:17  Assimilator  
  77  7:21  Pylon  
  77  7:22  Observer (Chrono Boost), Probe x2  
  80  7:33  Stalker x3  
  86  7:38  Probe  
  86  7:39  Probe  
  86  7:40  Protoss Ground Weapons Level 1 (Chrono Boost)  
  88  7:51  Gateway  
  88  7:52  Gateway  
  88  7:57  Probe x2  
  90  7:59  Probe  
  91  8:07  Stalker x3  
  95  8:14  Probe x2  
  95  8:15  Probe, Photon Cannon  
  98  8:33  Nexus  
  98  8:36  Pylon  
  98  8:37  Stalker x2  
  98  8:38  Stalker  
  98  8:40  Probe x2  
  98  8:41  Probe  
  106  8:49  Stalker, Pylon  
  106  8:50  Stalker  
  106  8:54  Photon Cannon  
  110  8:59  Probe x2  
  110  9:00  Probe  
  113  9:04  Shield Battery  
  113  9:06  Observer, Gateway  
  114  9:15  Probe x2  
  114  9:16  Probe  
  115  9:26  Stalker x5, Protoss Ground Weapons Level 2 (Chrono Boost)  
  115  9:29  Probe x2  
  127  9:40  Gateway  
  127  9:42  Photon Cannon  
  127  9:46  Photon Cannon  
  121  10:06  Probe x4  
  119  10:09  Warp Prism  
  119  10:13  Stalker x6  
  127  10:18  Gateway x2  
  127  10:19  Gateway  
  121  10:40  Stalker  
  121  10:41  Stalker x6  
  131  10:45  Observer  
  126  10:56  Probe x3  
  122  11:06  Immortal  
  120  11:11  Stalker x7  
  134  11:19  Nexus  
  134  11:20  Pylon  
  134  11:22  Zealot x3  
  140  11:34  Stalker x4  
  144  11:44  Zealot x4  
  144  11:45  Zealot x2  
Tags
 
Add a new tag
Caveats
  • Supply blocks, unpowered buildings, or Contaminate may cause inaccurate times.
  • Supply counts are checked every 10 seconds.